AoeStats
← AAOE | Urborg

Nomad

509766676Analyzed
4v4 RM · 3d ago on Sep 27, 2026· 39m 15s· 8 players
Game mode
Random Map
Map size
231×231
Population
200
Speed
Normal
Resources
Standard
Victory
Conquest
Starting age
Dark Age
Ending age
Imperial Age
RankedLock teamsTeams togetherTeam positionsShared explorationLock speedFull tech treeHidden civsTurbo modeCheats
Victory
Defeat
🇺🇸 Vietnamese · United States
1285
+15
🇨🇱 Japanese · Chile
1275
+16
🇲🇽 Malians · Mexico
1262
+16
🇨🇱 Celts · Chile
1220
+18
🇹🇼 Persians · Taiwan
1320
-18
🇺🇸 Mongols · United States
1303
-18
🇹🇼 Malians · Taiwan
1252
-16
🇲🇽 Lithuanians · Mexico
1191
-13
Dreadnaught
4:43 Loom
14:24 Feudal Age
19:07 Castle Age
17:15 Double-Bit Axe
17:25 Stone Mining
17:32 Gold Mining
17:25 Horse Collar
18:46 Fishing Lines
20:10 Fletching
20:35 Bow Saw
22:19 Bodkin Arrow
22:25 Padded Archer Armor
22:21 Town Watch
23:14 Wheelbarrow
23:10 Pikeman
24:31 Hand Cart
31:47 Ballistics
32:07 Leather Archer Armor
35:25 Imperial Age
35:05 Scale Mail Armor
35:16 Forging
36:23 Bracer
Sr Bolainas
4:20 Loom
14:20 Feudal Age
15:03 Double-Bit Axe
18:07 Town Watch
20:58 Castle Age
19:24 Stone Mining
22:10 Fishing Lines
23:58 Fletching
31:51 Gillnets
32:52 Gold Mining
38:05 Imperial Age
36:54 Gold Shaft Mining
36:43 Bow Saw
37:09 Crossbowman
39:29 Conscription
AAOE | Urborg
12:46 Feudal Age
14:01 Double-Bit Axe
17:36 Castle Age
16:18 Fishing Lines
18:30 Scale Barding Armor
19:22 Bow Saw
19:41 Chain Barding Armor
19:19 Gold Mining
20:36 Wheelbarrow
20:36 Bloodlines
20:54 Forging
20:47 Husbandry
25:44 Iron Casting
25:25 Gillnets
27:12 Loom
28:11 Hand Cart
28:36 Town Watch
37:46 Town Patrol
41:24 Imperial Age
39:16 Fletching
[GDL] R_Oak
5:16 Loom
12:44 Feudal Age
14:22 Double-Bit Axe
24:27 Castle Age
22:22 Fishing Lines
22:29 Horse Collar
24:23 Gold Mining
24:24 Stone Mining
25:47 Wheelbarrow
25:33 Bow Saw
25:25 Gillnets
29:30 Heavy Plow
32:45 Imperial Age
31:13 Scale Mail Armor
31:24 Forging
31:06 Man-at-Arms
31:47 Squires
31:32 Arson
32:20 Hand Cart
31:51 Long Swordsman
32:49 Chain Mail Armor
32:54 Pikeman
35:35 Conscription
36:23 Gold Shaft Mining
35:33 Two-Handed Swordsman
37:33 Iron Casting
37:28 Plate Mail Armor
36:46 Town Watch
36:37 Champion
40:16 Hoardings
39:44 Tigui
MXTS | Robert Blond
4:28 Loom
15:14 Feudal Age
19:14 Castle Age
19:04 Bloodlines
19:17 Double-Bit Axe
21:54 Scale Barding Armor
22:51 Forging
26:34 Iron Casting
27:54 Horse Collar
31:16 Chain Barding Armor
FATBOY <OBAMA>
13:12 Feudal Age
12:39 Loom
17:14 Castle Age
15:37 Fletching
16:00 Double-Bit Axe
18:10 Bow Saw
17:40 Horse Collar
17:59 Bodkin Arrow
18:08 Gold Mining
20:27 Town Watch
20:58 Padded Archer Armor
21:15 Husbandry
24:18 Ballistics
24:04 Padded Archer Armor
26:13 Wheelbarrow
27:26 Leather Archer Armor
30:18 Gold Shaft Mining
29:33 Stone Mining
35:09 Imperial Age
32:46 Stone Mining
34:07 Scale Mail Armor
34:17 Forging
36:06 Hand Cart
35:58 Bracer
37:02 Chemistry
36:16 Bloodlines
37:16 Elite Mangudai
andyz070300
7:04 Loom
14:39 Feudal Age
18:55 Castle Age
18:08 Double-Bit Axe
20:49 Bow Saw
20:57 Horse Collar
28:04 Heavy Plow
28:03 Arson
28:42 Forging
32:16 Wheelbarrow
33:16 Gold Mining
35:09 Gold Shaft Mining
34:48 Stone Mining
38:24 Imperial Age
37:07 Stone Shaft Mining
37:14 Bloodlines
37:05 Husbandry
39:04 Iron Casting
38:35 Scale Barding Armor
38:21 Fletching
橋本真也
4:39 Loom
15:25 Feudal Age
23:10 Castle Age
25:02 Scale Barding Armor
29:56 Double-Bit Axe
Connection lost

Rejoining the realm…

Still unreachable

The connection could not be restored.

Session expired

The server has moved on; the page needs a fresh start.